 Dungeon Crawl Stone Soup version 0.31-a0-152-g6aa68a64a1 (webtiles) character file.

Game seed: 10521929551331578429

40 qw the Shooter (level 3, -1/31 HPs)
             Began as a Minotaur Hunter on June 8, 2023.
             Slain by Sigmund
             ... wielding a +0 scythe of protection
              (6 damage)
             ... on level 2 of the Dungeon.
             The game lasted 00:00:28 (923 turns).

qw the Shooter (Minotaur Hunter)                     Turns: 923, Time: 00:00:29

Health: -1/31      AC:  4    Str: 15    XL:     3   Next: 30%
Magic:  2/2        EV: 12    Int:  6    God:
Gold:   55         SH:  0    Dex: 15    Spells: 2/2 levels left

rFire   . . .        Y - +0 shortbow
rCold   . . .        (shield currently unavailable)
rNeg    . . .        c - +0 leather armour
rPois   .            h - +1 hat
rElec   .            (no cloak)
rCorr   .            (no gloves)
SInv    .            (no boots)
Will    .....        (no amulet)
Stlth   +            (no ring)
HPRegen 0.25/turn    (no ring)
MPRegen 0.08/turn

%: no passive effects
@: no status effects
A: horns 2, retaliatory headbutt
a: no special abilities


You were on level 2 of the Dungeon.
You visited 1 branch of the dungeon, and saw 2 of its levels.

You collected 55 gold pieces.


Innate Abilities, Weirdness & Mutations

You have a pair of horns on your head.
You reflexively headbutt those who attack you in melee.


   Skills:
 - Level 3.3 Fighting
 + Level 5.3 Ranged Weapons
 - Level 2.1 Dodging
 - Level 0.7 Stealth


You had 2 spell levels left.
You didn't know any spells.
Your spell library was empty.

Inventory:

Hand Weapons
 Y - a +0 shortbow (weapon)
Armour
 c - a +0 leather armour (worn)
 h - a +1 hat (worn)
Jewellery
 f - a ring of fire
 g - a ring of fire
Potions
 e - a potion of berserk rage {unknown}
 i - a potion of heal wounds {unknown}

Dungeon Overview and Level Annotations

Branches:
Dungeon (2/15)

Altars:
Yredelemnul

Annotations:
D:2 Sigmund


Message History

Enter note:
Enter note:
Enter note:
Enter note: You shoot an arrow.
The arrow hits Sigmund but does no damage.
You shoot an arrow. The arrow closely misses Sigmund.
Sigmund barely misses you.
You shoot an arrow.
The arrow hits Sigmund but does no damage.
Sigmund casts a spell at you. The magic dart hits you.
You shoot an arrow. The arrow closely misses Sigmund.
Sigmund misses you.
You shoot an arrow. The arrow hits Sigmund.
Sigmund is lightly wounded.
Sigmund misses you.
You shoot an arrow. The arrow closely misses Sigmund.
Sigmund points at you and mumbles some strange words.
You resist with significant effort.
You shoot an arrow.
The arrow hits Sigmund but does no damage.
Sigmund is lightly wounded.
Sigmund hits you from afar with a +0 scythe of protection.
You shoot an arrow. The arrow hits Sigmund.
Sigmund is moderately wounded.
Sigmund casts a spell.
Sigmund flickers and vanishes!
Deactivating autopickup; reactivate with Ctrl-A.
You shoot an arrow.
A magic dart appears from out of thin air!
The magic dart hits you!
You shoot an arrow. Something hits you but does no damage.
You shoot an arrow. You shoot an arrow. Something hits you.
You shoot an arrow. Something hits you.
You die...

.##### .##.# .....#
.#(#.#.# .....####
.###..# ........#
#.#?#.# ........# #.##.#
.####...# .... . .#
#...# ###{####<..
.####...######..........
................@.......
..###...######..########
..###...# #..# ...######
#..)...... ##.#
#.######## ##.#########
#.. ...........# ###
.....%####.# ......# #.#


There were no monsters in sight!

Vanquished Creatures
  2 adders (D:2)
  A ball python (D:1)
  4 endoplasms
  2 giant cockroaches (D:1)
  2 goblins
  3 hobgoblins
  4 bats (D:1)
  A frilled lizard (D:1)
  2 kobolds
21 creatures vanquished.

Notes
Turn   | Place    | Note
-------+----------+-------------------------------------------
     0 | D:1      | qw the Minotaur Hunter began the quest for the Orb.
     0 | D:1      | Reached XP level 1. HP: 18/18 MP: 0/0
     0 | D:1      | 0 ||| qw: Version: 0.2-a-120-gdf1a93b
     0 | D:1      | 0 ||| qw: Game counter: 3151
     0 | D:1      | 0 ||| qw: Always use a shield: true
     0 | D:1      | 0 ||| qw: God list: Okawaru
     0 | D:1      | 0 ||| qw: Allow faded altars: false
     0 | D:1      | 0 ||| qw: Do Orc after D:15 true
     0 | D:1      | 0 ||| qw: Do second Lair branch before Depths: true
     0 | D:1      | 0 ||| qw: Lair rune preference: random
     0 | D:1      | 0 ||| qw: Plans: Normal
     0 | D:1      | 0 ||| PLANNING D:1-11
   143 | D:1      | Reached XP level 2. HP: 25/25 MP: 1/1
   315 | D:1      | Reached skill level 5 in Ranged Weapons
   323 | D:1      | Found a faded altar of an unknown god.
   586 | D:1      | 586 ||| UPGRADING to +1 hat.
   591 | D:1      | 591 ||| READING scroll labelled LUOPIXK IDWA.
   592 | D:1      | 592 ||| DROPPING scroll of butterflies.
   659 | D:2      | Reached skill level 3 in Fighting
   689 | D:2      | Found a basalt altar of Yredelemnul.
   694 | D:2      | Reached XP level 3. HP: 31/31 MP: 2/2
   738 | D:2      | Noticed Sigmund
   754 | D:2      | 754 ||| READING scroll labelled CEBBAE ZUTI.
   756 | D:2      | 756 ||| READING scroll labelled TUYHUI REPN.
   756 | D:2      | HP: 5/31 [Sigmund/+0 scythe of protection (9)]
   782 | D:2      | 782 ||| FLEEEEING.
   922 | D:2      | HP: 5/31 [something (6)]
   923 | D:2      | Slain by Sigmund

Levels and vault maps discovered:
D:1:      minmay_arrival_stair_chambers, layout_loops_ring,
          shapermc_ecumenical_altar_mp_highgroup
D:2:      layout_basic, basic_altar, chequers_avenue, kennysheep_generic_room_9,
          uniq_sigmund

Skill      XL: |  1  2 |
---------------+-------+-----
Ranged Weapons | 5 |  5.3
Fighting       | 3 |  3.3
Dodging        | |  2.1
Stealth        | |  0.7

Action                     || total
---------------------------++-------
   Fire: Shortbow          ||    79
    Use: Scroll            ||     3
 Armour: Leather armour    ||     9
  Dodge: Dodged            ||    25

Table legend:
 A = Non-vault XP
 B = Vault XP
 C = Vault XP percentage of total XP
 D = Non-vault monster count
 E = Vault monster count
 F = Vault count percentage of total count
                 A         B        C        D         E       F
            +---------+---------+-------+---------+---------+-------
      Total |      58 |       0 |   0.0 |      21 |       0 |   0.0
            +---------+---------+-------+---------+---------+-------
        D:1 |      24 |       0 |   0.0 |      15 |       0 |   0.0
        D:2 |      34 |       0 |   0.0 |       6 |       0 |   0.0
            +---------+---------+-------+---------+---------+-------
